 Dungeon Crawl Stone Soup version 0.24.0-123-gd5b16e6ec5 (webtiles) character file.

Game seed: 4020643648690526751, levelgen mode: deterministic

8916 FishyPogo the Fighter (level 11, -1/99 HPs)
             Began as a Troll Monk on Jan 30, 2020.
             Was a High Priest of Hepliaklqana.
             Slain by a vampire mosquito (10 damage)
             ... on level 10 of the Dungeon.
             The game lasted 00:23:39 (7966 turns).

FishyPogo the Fighter (Troll Monk)                  Turns: 7966, Time: 00:23:40

Health: -1/99      AC:  7    Str: 24    XL:     11   Next: 16%
Magic:  10/10      EV: 11    Int:  6    God:    Hepliaklqana [*****.]
Gold:   548        SH:  4    Dex: 18    Spells: 10/10 levels left

rFire    . . .     SeeInvis .     - Unarmed
rCold    . . .     Gourm    +   (no shield)
rNeg     . . .     Faith    +   q - +1 robe of Youthful Indiscretion {rPois MR- Dex+4}
rPois    +         Spirit   .   (helmet restricted)
rElec    .         Reflect  .   (no cloak)
rCorr    +         Harm     .   (gloves unavailable)
MR       .....                  (boots unavailable)
Stlth    +++.......             r - amulet of faith
HPRegen  0.66/turn              u - ring of resist corrosion
MPRegen  0.12/turn              J - ring of flight

@: very slightly contaminated, lightly drained, invisible (expiring)
A: large, unfitting armour, reduced essence, claws 3, large bone plates 1, agile
1, fast metabolism 3, gourmand, regeneration 1, shaggy fur 1, tough skin 3
a: Recall Ancestor, Ancestor Identity, Transference, Idealise, Renounce
Religion, Evoke Flight


You were on level 10 of the Dungeon.
You worshipped Hepliaklqana.
Hepliaklqana was extremely pleased with you.
You were very full.

You visited 2 branches of the dungeon, and saw 11 of its levels.

You collected 548 gold pieces.

Inventory:

Hand Weapons
 D - a +2 falchion of slicing
Missiles
 d - 207 stones
 n - 13 poisoned darts (quivered)
 y - 6 boomerangs
Armour
 q - the +1 robe of Youthful Indiscretion (worn) {rPois MR- Dex+4}
   (You found it on level 4 of the Dungeon)

   It affects your dexterity (+4).
   It protects you from poison.
   It affects your resistance to hostile enchantments.
Jewellery
 e - an uncursed ring of poison resistance
 r - an amulet of faith (around neck)
 u - a ring of resist corrosion (left claw)
 F - an uncursed ring of protection from fire
 J - a ring of flight (right claw)
Wands
 s - a wand of paralysis (6)
 B - a wand of flame (8)
 C - a wand of random effects (22)
 E - a wand of iceblast (7)
 I - a wand of acid (9)
 N - a wand of polymorph (9)
Scrolls
 a - a scroll of vulnerability {unknown}
 c - 7 scrolls of teleportation
 f - 7 scrolls of identify
 h - 3 scrolls of fear {unknown}
 i - 2 scrolls of immolation {unknown}
 j - 3 scrolls of enchant weapon
 m - 3 scrolls of remove curse
 o - 5 scrolls of amnesia
 t - a scroll of magic mapping
 v - a scroll of fog
 w - 2 scrolls of enchant armour
 M - a scroll of brand weapon {unknown}
 P - a scroll of random uselessness {unknown}
 Q - a scroll of holy word {unknown}
Potions
 g - a potion of might {unknown}
 k - 2 potions of flight
 l - 6 potions of curing
 p - 4 potions of brilliance
 x - a potion of magic
 z - a potion of cancellation
 G - a potion of heal wounds
 H - a potion of agility {unknown}
 K - a potion of mutation
 O - a potion of resistance {unknown}
Comestibles
 b - 21 rations


   Skills:
 * Level 8.2(7.9) Fighting
 + Level 5.9(5.6) Throwing
 * Level 7.7(7.4) Armour
 - Level 3.0(2.7) Dodging
 + Level 4.2(3.9) Stealth
 + Level 7.2(6.9) Unarmed Combat


You had 10 spell levels left.
You didn't know any spells.
Your spell library contained the following spells:

 Spells                   Type           Power        Failure   Level  Hunger
 Animate Skeleton         Necr           N/A          45%         1    ##.....
 Apportation              Tloc           #.....       45%         1    ##.....
 Confusing Touch          Hex            #.....       45%         1    ##.....
 Summon Small Mammal      Summ           #...         45%         1    ##.....
 Confuse                  Hex            #.......     83%         3    ####...
 Gell's Gravitas          Tloc           #.........   83%         3    ####...
 Petrify                  Tmut/Erth      #.......     99%         4    #####..
 Metabolic Englaciation   Hex/Ice        #.........   100%        5    ######.
 Yara's Violent Unravell  Hex/Tmut       #.........   100%        5    ######.


Dungeon Overview and Level Annotations

Branches:
Dungeon (10/15)            Temple (1/1) D:6             Orc (0/2) D:9
   Lair: D:8-11

Altars:
Ashenzari
Cheibriados
Dithmenos
Elyvilon
Fedhas
Gozag
Hepliaklqana
Kikubaaqudgha
Makhleb
Nemelex Xobeh
Okawaru
Qazlal
Ru
Sif Muna
Trog
Uskayaw
Vehumet
Wu Jian
Xom
Yredelemnul
Zin
The Shining One

Annotations:
D:5 Dowan


Innate Abilities, Weirdness & Mutations

You are too large for most types of armour.
You have claws for hands.
Your metabolism is lightning-fast.
You like to eat raw meat.
Your natural rate of healing is unusually fast.
You are covered in fur. (AC +1)
You have extremely tough skin. (AC +3)
Your life essence is reduced to manifest your ancestor. (-10% HP)
You are partially covered in large bone plates. (SH +4)
You are agile. (Dex +2)


Message History

You closely miss the vampire mosquito.
The vampire mosquito is heavily damaged.
The vampire mosquito barely misses you.
You miss the vampire mosquito.
The vampire mosquito is heavily damaged.
The vampire mosquito barely misses you.
You miss the vampire mosquito.
The vampire mosquito is heavily damaged.
The vampire mosquito bites you.
* * * LOW HITPOINT WARNING * * *
The vampire mosquito draws strength from your injuries!
The vampire mumbles some strange words.
The vampire flickers and vanishes!
The vampire mosquito bites you but does no damage.
It was a potion of mutation.
You feel extremely strange.
You feel agile.
Large bone plates grow over parts of your arms.
You flicker for a moment.
The vampire mosquito barely misses you. The vampire mosquito bites you!
You die...

## ###
###.#########.#
#....{.yy@....#
.......#########.#
%#.#.#. #.# # #.
#.# #. #.#
.[#########.#######
#.........#.......#
#.#######.#######.#
..####.......#.#


You could see 2 vampire mosquitoes.

Vanquished Creatures
  2 two-headed ogres (D:9)
  A troll (D:9)
  Grinder (D:3)
  Prince Ribbit (D:6)
  A hippogriff (D:7)
  Sigmund (D:5)
  A wyvern (D:9)
  A human (D:8)
  3 yaks
  2 hogs (D:8)
  Menkaure (D:7)
  A hungry ghost (D:9)
  2 vampire mosquitoes (D:10)
  Edmund (D:6)
  2 water moccasins
  Duvessa (D:5)
  5 sky beasts
  2 orc warriors
  2 phantoms
  3 ogres
  6 centaurs
  2 big kobolds
  Blork the orc (D:6)
  A bullfrog (D:9)
  A scorpion (D:10)
  8 killer bees
  A water moccasin skeleton (D:6)
  A howler monkey (D:7)
  A wight (D:10)
  4 crimson imps
  A bullfrog zombie (D:7)
  3 centaur skeletons
  5 hounds
  2 jellies (D:5)
  6 orc priests
  5 orc wizards
  3 bullfrog skeletons
  6 iguanas
  Ijyb (D:3)
  3 worker ants
  3 hound skeletons
  A gnoll (D:5)
  10 adders
  3 shadow imps
  An ooze (D:1)
  An adder skeleton (D:8)
  A dart slug (D:1)
  2 leopard geckos (D:4)
  23 orcs
  5 giant cockroaches
  8 goblins
  6 hobgoblins
  7 jackals
  A quokka (D:10)
  12 bats
  5 frilled lizards
  7 kobolds
  A leopard gecko skeleton (D:4)
  A quokka skeleton (D:4)
  5 rats
198 creatures vanquished.

Vanquished Creatures (collateral kills)
  A hippogriff (D:7)
  Eustachio (D:5)
  A yak (D:9)
  A hog (D:8)
  2 sky beasts (D:9)
  An ogre (D:5)
  A big kobold (D:9)
  A wight (D:10)
  An orc priest (D:7)
  An iguana (D:6)
  An orc wizard (D:8)
  2 worker ants
  A worker ant zombie (D:9)
  An adder skeleton (D:5)
  5 orcs
  A bat (D:1)
  4 kobolds (D:9)
26 creatures vanquished.

Vanquished Creatures (others)
  5 hexers
5 creatures vanquished.

Grand Total: 229 creatures vanquished

Notes
Turn   | Place    | Note
-------+----------+-------------------------------------------
     0 | D:1      | FishyPogo the Troll Monk began the quest for the Orb.
     0 | D:1      | Reached XP level 1. HP: 22/22 MP: 0/0
   106 | D:1      | Reached XP level 2. HP: 29/29 MP: 1/1
   156 | D:1      | You fall into a shaft and drop 1 floor!
   374 | D:2      | Reached XP level 3. HP: 36/36 MP: 2/2
   491 | D:3      | Found a stormy altar of Qazlal.
   695 | D:4      | Reached skill level 1 in Armour
   727 | D:4      | Got a heavy robe
   738 | D:4      | Identified the +1 robe of Youthful Indiscretion {rPois MR-
                  | Dex+4} (You found it on level 4 of the Dungeon)
  1101 | D:4      | Reached skill level 1 in Throwing
  1101 | D:4      | Reached XP level 4. HP: 44/44 MP: 3/3
  1461 | D:4      | Reached skill level 3 in Fighting
  1579 | D:5      | Entered Level 5 of the Dungeon
  1631 | D:5      | Noticed an ogre
  1641 | D:5      | Killed an ogre
  1641 | D:5      | Reached XP level 5. HP: 40/53 MP: 4/4
  1673 | D:5      | Found a snail-covered altar of Cheibriados.
  1712 | D:5      | Noticed a sky beast
  1722 | D:5      | Killed a sky beast
  1722 | D:5      | Reached XP level 6. HP: 53/61 MP: 5/5
  1910 | D:5      | Noticed Eustachio
  2087 | D:5      | Noticed Sigmund
  2092 | D:5      | Killed Sigmund
  2092 | D:5      | Reached skill level 4 in Fighting
  2092 | D:5      | Reached XP level 7. HP: 68/70 MP: 6/6
  2169 | D:5      | Noticed Duvessa
  2169 | D:5      | Noticed Dowan
  2265 | D:5      | Killed Duvessa
  2350 | D:6      | Found a staircase to the Ecumenical Temple.
  2359 | Temple   | Entered the Ecumenical Temple
  2447 | Temple   | Became a worshipper of Hepliaklqana the Forgotten
  2447 | Temple   | Reached * piety under Hepliaklqana
  2447 | Temple   | Reached ** piety under Hepliaklqana
  2448 | Temple   | Remembered your ancestor Sanele as a hexer
  2474 | D:6      | Reached XP level 8. HP: 71/71 MP: 7/7
  3159 | D:2      | Found an opulent altar of Gozag.
  3434 | D:3      | Noticed Grinder
  3450 | D:3      | Killed Grinder
  3450 | D:3      | Reached skill level 5 in Fighting
  3707 | D:3      | Noticed Ijyb
  3711 | D:3      | Killed Ijyb
  3897 | D:5      | Killed Eustachio
  3969 | D:5      | Reached *** piety under Hepliaklqana
  4333 | D:5      | Reached skill level 5 in Unarmed Combat
  4669 | D:6      | Reached XP level 9. HP: 80/80 MP: 8/8
  4682 | D:6      | Reached skill level 5 in Armour
  4730 | D:6      | Noticed Edmund
  4741 | D:6      | Killed Edmund
  4815 | D:6      | Noticed Prince Ribbit
  4833 | D:6      | Killed Prince Ribbit
  4833 | D:6      | Reached skill level 6 in Fighting
  4976 | D:6      | Found a white marble altar of Elyvilon.
  4976 | D:6      | Noticed Blork the orc
  4989 | D:6      | Killed Blork the orc
  5218 | D:6      | Reached **** piety under Hepliaklqana
  5293 | D:7      | Noticed Menkaure
  5536 | D:7      | Killed Menkaure
  6009 | D:8      | Reached XP level 10. HP: 77/90 MP: 9/9
  6233 | D:8      | Found a hide-covered altar of Uskayaw.
  6233 | D:8      | Found an iron altar of Okawaru.
  6233 | D:8      | Found a burning altar of Makhleb.
  6309 | D:8      | Found a glowing golden altar of the Shining One.
  6309 | D:8      | Found a sparkling altar of Nemelex Xobeh.
  6587 | D:8      | Reached skill level 7 in Fighting
  6597 | D:8      | Reached skill level 5 in Throwing
  6733 | D:9      | Reached ***** piety under Hepliaklqana
  6966 | D:9      | Paralysed by a kobold for 6 turns
  7056 | D:9      | Noticed a two-headed ogre
  7093 | D:9      | Killed a two-headed ogre
  7325 | D:9      | Noticed a two-headed ogre
  7339 | D:9      | Killed a two-headed ogre
  7339 | D:9      | Reached skill level 8 in Fighting
  7339 | D:9      | Reached XP level 11. HP: 72/99 MP: 10/10
  7517 | D:9      | Found a staircase to the Orcish Mines.
  7607 | D:10     | Entered Level 10 of the Dungeon
  7966 | D:10     | Gained mutation: You are agile. (Dex +2) [potion of
                  | mutation]
  7966 | D:10     | Gained mutation: You are partially covered in large bone
                  | plates. (SH +4) [potion of mutation]
  7966 | D:10     | Slain by a vampire mosquito

Levels and vault maps discovered:
D:1:      eino_arrival_cavern_a, layout_rooms, minivault_11
D:2:      layout_rooms, grunt_gozag_breadcrumbs, first_ration, serial_forest,
          infiniplex_forest_clump_diagonal, infiniplex_forest_fountain,
          infiniplex_forest_lined_corner, infiniplex_forest_corner_1,
          infiniplex_forest_corner_1, infiniplex_forest_lined_2,
          infiniplex_forest_lined_2, minmay_misc_feat_more_columns,
          grunt_decor_one_mirror
D:3:      layout_loops_ring, lemuel_crystal_altar, uniq_ijyb, uniq_grinder
D:4:      layout_basic, serial_corexii_hall, corexii_hall_statues_x,
          chequers_hall_statues_corner_a
D:5:      minmay_chambers_of_threes, layout_basic, kennysheep_mini,
          uniq_sigmund, uniq_eustachio, uniq_duvessa
D:6:      layout_loops_cross, minmay_temple_entry_glass, basic_altar,
          uniq_blork_the_orc, uniq_prince_ribbit1, uniq_edmund
D:7:      layout_basic, uniq_menkaure
D:8:      layout_loops_ring, grunt_temple_overflow_open, grunt_livestock,
          minmay_misc_feat_rugged
D:9:      layout_irregular_city, orc_0_dummy, eino_tiny_chamber,
          grunt_ministairs_15
D:10:     layout_basic, minmay_guarded_unrand_vampires_tooth
Temple:   jpeg_temple_clearing

Skill      XL: |  1  2  3  4  5  6  7  8  9 10 |
---------------+-------------------------------+-----
Armour         | 1 2 3 4 6 7 |  7.7
Throwing       | 1 2 3 4 5 |  5.9
Dodging        | 3 |  3.0
Fighting       | 3 4 5 6 8 |  8.2
Unarmed Combat | 4 5 6 7 |  7.2
Stealth        | 2 3 4 |  4.2

Action                   |  1- 3 |  4- 6 |  7- 9 | 10-12 || total
-------------------------+-------+-------+-------+-------++-------
Melee: Unarmed           |    91 |    63 |   313 |   175 ||   642
       Punch             |     1 |       |     7 |     7 ||    15
       Falchion          |       |       |       |    26 ||    26
Throw: Dart              |       |     2 |     4 |    12 ||    18
Invok: Ancestor Life: He |       |       |     1 |       ||     1
       Recall Ancestor   |       |       |     2 |       ||     2
  Use: Scroll            |       |       |       |     9 ||     9
       Potion            |       |       |       |     9 ||     9
 Stab: Sleeping          |     3 |     1 |    11 |     8 ||    23
       Confused          |       |       |     1 |     2 ||     3
       Distracted        |       |       |     1 |     1 ||     2
       Invisible         |       |       |       |     2 ||     2
  Eat: Chunk             |    16 |     3 |    42 |    17 ||    78
Armor: Robe              |    40 |    11 |    74 |    63 ||   188
       Skin              |       |       |       |    12 ||    12
Dodge: Dodged            |    56 |    30 |   149 |   134 ||   369
       Rpst.: Falchion   |       |       |       |    10 ||    10
